 Dungeon Crawl Stone Soup version 0.29-a0-321-gf1c400731a (webtiles) character file.

Game seed: 5633605887934696275

1353 Dabor the Chopper (level 8, -2/68 HPs)
             Began as a Hill Orc Fighter on Apr 5, 2022.
             Slain by a kobold brigand
             ... wielding a +0 whip
              (5 damage)
             ... in a sewer.
             The game lasted 00:06:28 (4757 turns).

Dabor the Chopper (Hill Orc Fighter)                Turns: 4757, Time: 00:06:28

Health: -2/68      AC: 10    Str: 24    XL:     8   Next: 63%
Magic:  8/8        EV: 12    Int:  8    God:
Gold:   52         SH:  0    Dex: 10    Spells: 7/7 levels left

rFire   . . .      SeeInvis .   n - +1 glaive "Fouqumak" {flame, rPois rN+ Str-3}
rCold   . . .      Faith    .   (shield currently unavailable)
rNeg    + + .      Spirit   .   u - +6 leather armour "Junut" {+Inv}
rPois   +          Reflect  .   (no helmet)
rElec   .          Harm     .   (no cloak)
rCorr   .          Rampage  .   v - +0 pair of gloves
Will    .....                   (no boots)
Stlth   +.........              k - amulet of magic regeneration
HPRegen 0.21/turn               i - ring of positive energy
MPRegen 0.51/turn               o - +6 ring of strength

@: hasted, quick
A: no striking features
a: Evoke Invisibility


You were in a sewer.
You visited 1 branch of the dungeon, and saw 6 of its levels.
You also visited: Sewer.

You collected 316 gold pieces.
You spent 264 gold pieces at shops.

Inventory:

Hand Weapons
 a - a +1 war axe
 n - the +1 glaive "Fouqumak" (weapon) {flame, rPois rN+ Str-3}
   (You bought it in a shop on level 1 of the Dungeon)

   It burns those it strikes, dealing additional fire damage.
   Big, fiery blades are also staple armaments of hydra-hunters.
   Str:       It affects your strength (-3).
   rPois:     It protects you from poison.
   rN:        It protects you from negative energy.
Missiles
 g - 13 poisoned darts (quivered)
Armour
 c - a +0 buckler
 f - a +0 troll leather armour
 u - the +6 leather armour "Junut" (worn) {+Inv}
   (You found it on level 5 of the Dungeon)

   +Inv:      It lets you turn invisible.
 v - a +0 pair of gloves (worn)
Jewellery
 i - a ring of positive energy (left hand)
 j - a ring of protection from fire
 k - an amulet of magic regeneration (around neck)
 o - a +6 ring of strength (right hand)
Scrolls
 e - 2 scrolls of teleportation
 l - a scroll of noise {unknown}
 m - 2 scrolls of fog {unknown}
 r - a scroll of brand weapon {unknown}
Potions
 b - a potion of cancellation {unknown}
 d - 2 potions of might
 h - a potion of mutation {unknown}
 p - a potion of haste
 q - a potion of lignification {unknown}
 s - 2 potions of degeneration {unknown}
 t - 2 potions of flight
 w - a potion of magic {unknown}
 x - a potion of brilliance {unknown}


   Skills:
 - Level 5.3 Fighting
 - Level 6.7 Axes
 - Level 4.8 Armour
 - Level 2.3 Dodging
 - Level 4.0 Shields
 * Level 6.6 Evocations


You had 7 spell levels left.
You didn't know any spells.
Your spell library contained the following spells:

 Spells                   Type           Power      Damage    Failure   Level
 Sublimation of Blood     Necr           0%         N/A       58%         2
 Wereblood                Tmut           0%         N/A       58%         2
 Portal Projectile        Hex/Tloc       0%         N/A       82%         3
 Tukima's Dance           Hex            0%         N/A       82%         3
 Passage of Golubria      Tloc           0%         N/A       99%         4
 Blade Hands              Tmut           0%         N/A       100%        5
 Excruciating Wounds      Necr           0%         N/A       100%        5
 Yara's Violent Unravell  Hex/Tmut       0%         3d3       100%        5
 Summon Hydra             Summ           0%         N/A       100%        7


Dungeon Overview and Level Annotations

Branches:
Dungeon (6/15)              Sewer (1/1)
 Temple: D:4-7

Altars:
Dithmenos
Nemelex Xobeh
Vehumet

Shops:
D:1 (


Message History

Aim: a kobold brigand, wielding a +0 whip and quivering curare-tipped darts (severely wounded, about 57% to evade the +1 glaive "Fouqumak")
Your unstable footing causes you to fumble your attack.
The kobold brigand hits you but does no damage.
You hit the kobold brigand. You burn the kobold brigand.
The kobold brigand is severely wounded.
The kobold brigand hits you with a +0 whip.
* * * LOW HITPOINT WARNING * * *
The kobold brigand closely misses you.
Your unstable footing causes you to fumble your attack.
The kobold brigand closely misses you.
Your unstable footing causes you to fumble your attack.
The kobold brigand closely misses you.
The kobold brigand hits you with a +0 whip.
* * * LOW HITPOINT WARNING * * *
You closely miss the kobold brigand.
The kobold brigand is severely wounded.
The kobold brigand splashes around in the water.
You closely miss the kobold brigand.
The kobold brigand is severely wounded.
The kobold brigand hits you with a +0 whip.
* * * LOW HITPOINT WARNING * * *
The kobold brigand barely misses you.
Your unstable footing causes you to fumble your attack.
The kobold brigand splashes around in the water.
You closely miss the kobold brigand.
The kobold brigand is severely wounded.
The kobold brigand closely misses you. The kobold brigand barely misses you.
You barely miss the kobold brigand.
The kobold brigand is severely wounded.
The kobold brigand splashes around in the water.
Your unstable footing causes you to fumble your attack.
The kobold brigand hits you with a +0 whip.
* * * LOW HITPOINT WARNING * * *
The kobold brigand hits you with a +0 whip!
* * * LOW HITPOINT WARNING * * *
Okay, then.
Okay, then.
It was a potion of haste.
You feel yourself speed up.
The kobold brigand hits you with a +0 whip.
You die...

≈.≈≈##.≈.. ≈.≈...≈≈.
....≈≈≈≈# ....≈≈≈.#
..≈≈.≈..# .....≈≈.#
....≈.≈≈## ######
..≈.≈≈...## #####.≈≈≈.#
≈..≈##≈.≈.####≈≈@K.#
≈.≈####≈≈≈≈.≈≈≈###.≈≈≈.#
.≈≈## #≈≈.≈≈..≈# ######
≈≈≈.####≈..≈.≈≈#
≈≈≈≈≈.########≈≈.≈
##....≈# #####.≈ ##.≈≈.#
##.≈≈# #≈≈.#


You could see a kobold brigand.

Vanquished Creatures
  A hornet (D:4)
  An ice beast (D:6)
  An orc warrior (D:5)
  A black bear (D:5)
  A centaur (D:5)
  A kobold brigand (Sewer)
  2 necrophages
  A howler monkey (D:5)
  2 hounds
  2 jellies
  3 iguanas
  Natasha (thrice) (D:4)
  An orc wizard (D:5)
  A statue (D:3)
  Robin (D:2)
  7 adders
  2 river rats
  An ufetubus (D:5)
  6 worms
  A dart slug (D:4)
  10 orcs
  16 ball pythons
  9 endoplasms
  5 giant cockroaches
  13 goblins
  9 hobgoblins
  4 quokkas
  3 bats
  5 frilled lizards
  11 kobolds
  9 rats
133 creatures vanquished.

Notes
Turn   | Place    | Note
-------+----------+-------------------------------------------
     0 | D:1      | Dabor the Hill Orc Fighter began the quest for the Orb.
     0 | D:1      | Reached XP level 1. HP: 19/19 MP: 1/1
   171 | D:1      | Reached XP level 2. HP: 27/27 MP: 2/2
   361 | D:1      | Found Sititreo's Antique Weapon Shop.
   538 | D:2      | Found a faded altar of an unknown god.
   554 | D:2      | Reached XP level 3. HP: 29/33 MP: 3/3
   647 | D:2      | Noticed Robin
   681 | D:2      | Killed Robin
   682 | D:2      | Reached XP level 4. HP: 10/40 MP: 4/4
  1179 | D:3      | Reached skill level 1 in Dodging
  1264 | D:3      | Found a radiant altar of Vehumet.
  1264 | D:3      | Noticed a frost-covered statue
  1279 | D:3      | Killed a frost-covered statue
  1280 | D:3      | Reached XP level 5. HP: 25/46 MP: 5/5
  1403 | D:3      | Found a sparkling altar of Nemelex Xobeh.
  1481 | D:3      | Found a shadowy altar of Dithmenos.
  1627 | D:1      | Bought a warped glaive for 264 gold pieces
  1627 | D:1      | Identified the +1 glaive "Fouqumak" {flame, rPois rN+
                  | Str-3} (You bought it in a shop on level 1 of the Dungeon)
  1738 | D:4      | Reached skill level 5 in Axes
  1748 | D:4      | Noticed Natasha
  1751 | D:4      | Killed Natasha
  1789 | D:4      | Noticed Natasha
  1797 | D:4      | Killed Natasha
  1798 | D:4      | Reached XP level 6. HP: 41/53 MP: 6/6
  1875 | D:4      | Noticed Natasha
  1883 | D:4      | Killed Natasha
  1897 | D:4      | Noticed a hornet
  1903 | D:4      | HP: 2/53 [hornet (10)]
  1904 | D:4      | Killed a hornet
  1905 | D:4      | Reached skill level 5 in Fighting
  1905 | D:4      | Reached XP level 7. HP: 4/61 MP: 7/7
  2314 | D:5      | Entered Level 5 of the Dungeon
  2438 | D:5      | Identified the +6 leather armour "Junut" {+Inv}
  2766 | D:5      | Reached XP level 8. HP: 27/68 MP: 8/8
  3419 | D:5      | Reached skill level 5 in Evocations
  4198 | D:6      | Found a glowing drain.
  4202 | Sewer    | Entered a sewer
  4756 | Sewer    | HP: 3/68 [kobold brigand/+0 whip (7)]
  4757 | Sewer    | Slain by a kobold brigand

Illustrated notes

Levels and vault maps discovered:
D:1:      dpeg_arrival_round_b, layout_basic, serial_shops, shop_fountains
D:2:      layout_rooms, nicolae_ecumenical_pavilion,
          chequers_serial_rivers_micro_d, minmay_circle_x, uniq_robin
D:3:      layout_rooms, amcnicky_altar_gilded, nicolae_overflow_hidden_temple,
          vehumet_statue, chequers_serial_rivers_micro_c
D:4:      layout_basic, uniq_natasha
D:5:      layout_basic
D:6:      layout_basic, tgw_xom, gup_sewer_entry_spiral,
          hellmonk_bongcloud_opening, hangedman_decor_slide_cut
Sewer:    sewer_co_tree

Skill      XL: |  1  2  3  4  5  6  7  8 |
---------------+-------------------------+-----
Axes           | 3 4 5 6 |  6.7
Fighting       | 4 5 |  5.3
Dodging        | 1 2 |  2.3
Shields        | 4 |  4.0
Armour         | 4 |  4.8
Evocations     | 3 6 |  6.6

Action                   |  1- 3 |  4- 6 |  7- 9 || total
-------------------------+-------+-------+-------++-------
Melee: War axe           |    71 |   103 |       ||   174
       Glaive            |       |    53 |   207 ||   260
Throw: Dart              |       |       |     4 ||     4
  Use: Potion            |       |     2 |     1 ||     3
       Scroll            |       |       |     3 ||     3
 Stab: Sleeping          |       |     1 |       ||     1
Armor: Scale mail        |     4 |       |       ||     4
       Troll leather arm |    18 |    53 |    17 ||    88
       Leather armour    |       |       |    64 ||    64
Dodge: Dodged            |    44 |    91 |   157 ||   292
Block: Buckler           |    21 |    24 |       ||    45

Table legend: (Time is in decaauts)
 A = Elapsed time spent in this place.
 B = Non-inter-level travel time spent in this place.
 C = Inter-level travel time spent in this place.
 D = Time resting spent in this place.
 E = Time spent auto-exploring this place.
 F = Levels seen in this place.
 G = Mean time per level.
                   A        B        C        D        E       F      G
               +--------+--------+--------+--------+--------+-----+--------+
         Total |   5121 |   4644 |    477 |     33 |   3499 |   7 |  731.6 |
       Dungeon |   4389 |   3912 |    477 |     33 |   2980 |   6 |  731.5 |
         Sewer |    732 |    732 |      0 |      0 |    518 |   1 |  732.0 |
               +--------+--------+--------+--------+--------+-----+--------+

Top non-repeatable levels by time:
     D:5: 1670 daAuts
   Sewer: 732 daAuts
     D:4: 698 daAuts
     D:3: 643 daAuts
     D:1: 570 daAuts
     D:2: 525 daAuts
     D:6: 280 daAuts
